PAAA
PLYMOUTH ROCKS @ SALT LAKE CITY BUZZ
09/03/2031
 
TOP OF THE 1ST
Plymouth Rocks batting - Pitching for Salt Lake City Buzz : LHP Chico Landi
Pitching: LHP Chico Landi
Batting: LHB José Castillo 0-0: Ball
1-0: Ball
2-0: Swinging Strike
2-1: Ball
3-1: Foul Ball, location: 2F
3-2: Fly out, F7 (Flyball, 7S)
Batting: LHB Edgardo De Jesús 0-0: Ball
1-0: Ball
2-0: Foul Ball, location: 2F
2-1: SINGLE (Line Drive, 5)
Batting: RHB Ernesto Trevino 0-0: Swinging Strike
0-1: Ball
1-1: Ball
2-1: Ball
3-1: SINGLE (Groundball, 6MD)
Edgardo De Jesús to second
Batting: SHB Javier Vega 0-0: Called Strike
Edgardo De Jesús steals 3rd base
Ernesto Trevino to second
0-1: Ball
1-1: Ball
2-1: Swinging Strike
2-2: Ball
3-2: Foul Ball, location: 2F
3-2: Strikes out swinging
Batting: LHB Adrian McCoy 0-0: Ball
1-0: Ball
2-0: SINGLE (Groundball, 34D)
Edgardo De Jesús scores
Ernesto Trevino to third
Runner from 3rd tries for Home, SAFE, no throw
Batting: RHB Chris Costa 0-0: Swinging Strike
0-1: Ball
1-1: Ball
2-1: Ball
3-1: Foul Ball, location: 2F
3-2: Base on Balls
Adrian McCoy to second
Batting: RHB Cosmo Bjorkenheim 0-0: Called Strike
0-1: Fielders Choice at 2nd, 5-4 (Groundball, 56)
Top of the 1st over - 2 runs, 3 hits, 0 errors, 2 left on base; Plymouth 2 - Salt Lake City 0
BOTTOM OF THE 1ST
Salt Lake City Buzz batting - Pitching for Plymouth Rocks : RHP Cisco Andr
Pitching: RHP Cisco Andr
Batting: LHB Orlando Casillas 0-0: Ball
1-0: Called Strike
1-1: Foul Ball, location: 2F
1-2: Ball
2-2: Strikes out swinging
Batting: LHB Alistair Mix 0-0: Foul Ball, location: 2F
0-1: Ground out 6-3 (Groundball, 6)
Batting: RHB Brent Ryan 0-0: Ground out 6-3 (Groundball, 6MS)
Bottom of the 1st over - 0 runs, 0 hits, 0 errors, 0 left on base; Plymouth 2 - Salt Lake City 0
TOP OF THE 2ND
Plymouth Rocks batting - Pitching for Salt Lake City Buzz : LHP Chico Landi
Batting: LHB Octávio Ontiveros 0-0: Called Strike
0-1: Ball
1-1: Ball
2-1: Called Strike
2-2: SINGLE (Groundball, 4MS) (infield hit)
Batting: SHB Raúl Rodríguez 0-0: Ball
1-0: Ball
2-0: Foul Ball, location: 2F
2-1: Foul Ball, location: 2F
2-2: Strikes out looking
Batting: LHB José Castillo 0-0: Ball
1-0: Foul Ball, location: 2F
1-1: Ball
2-1: Foul Ball, location: 2F
2-2: Ball
3-2: Foul Ball, location: 2F
3-2: Fielders Choice at 2nd, 6-4 (Groundball, 6M)
Batting: LHB Edgardo De Jesús 0-0: Ball
Wild Pitch!
José Castillo to second
1-0: DOUBLE (Line Drive, 78D)
José Castillo scores
Batting: RHB Ernesto Trevino 0-0: Called Strike
0-1: Fly out, F9 (Flyball, 9LS)
Top of the 2nd over - 1 run, 2 hits, 0 errors, 1 left on base; Plymouth 3 - Salt Lake City 0
BOTTOM OF THE 2ND
Salt Lake City Buzz batting - Pitching for Plymouth Rocks : RHP Cisco Andr
Batting: LHB Jérôme Masson 0-0: Swinging Strike
0-1: SINGLE (Line Drive, 4MD)
Batting: RHB Scott Ramsey 0-0: Called Strike
0-1: Foul Ball, location: 2F
0-2: Ball
1-2: Ball
2-2: Foul Ball, location: 2F
2-2: Ball
3-2: Foul Ball, location: 2F
3-2: 2-RUN HOME RUN (Flyball, 7LD), Distance : 351 ft
Batting: RHB Ilkka Haapajarvi 0-0: Called Strike
0-1: Fly out, F7 (Flyball, 78D)
Batting: LHB Roberto Soto 0-0: Ball
1-0: Called Strike
1-1: Ball
2-1: Called Strike
2-2: Foul Ball, location: 2F
2-2: Ball
3-2: Base on Balls
Batting: RHB Vicente Cruz 0-0: Fly out, F9 (Flyball, 9LMF)
Batting: RHB Ethan Miller 0-0: Ball
Roberto Soto is caught stealing 2nd base
Bottom of the 2nd over - 2 runs, 2 hits, 0 errors, 0 left on base; Plymouth 3 - Salt Lake City 2
TOP OF THE 3RD
Plymouth Rocks batting - Pitching for Salt Lake City Buzz : LHP Chico Landi
Batting: SHB Javier Vega 0-0: Ball
1-0: Swinging Strike
1-1: Ball
2-1: Ball
3-1: Ground out 6-3 (Groundball, 6)
Batting: LHB Adrian McCoy 0-0: Ball
1-0: Called Strike
1-1: Called Strike
1-2: Ball
2-2: Strikes out looking
Batting: RHB Chris Costa 0-0: Foul Ball, location: 2F
0-1: Ball
1-1: Foul Ball, location: 2F
1-2: Strikes out swinging
Top of the 3rd over - 0 runs, 0 hits, 0 errors, 0 left on base; Plymouth 3 - Salt Lake City 2
BOTTOM OF THE 3RD
Salt Lake City Buzz batting - Pitching for Plymouth Rocks : RHP Cisco Andr
Batting: RHB Ethan Miller 0-0: Called Strike
0-1: Ground out 6-3 (Groundball, 56)
Batting: LHB Orlando Casillas 0-0: Ball
1-0: Called Strike
1-1: Ground out 6-3 (Groundball, 6M)
Batting: LHB Alistair Mix 0-0: Ball
1-0: Fly out, F7 (Flyball, 78S)
Bottom of the 3rd over - 0 runs, 0 hits, 0 errors, 0 left on base; Plymouth 3 - Salt Lake City 2
TOP OF THE 4TH
Plymouth Rocks batting - Pitching for Salt Lake City Buzz : LHP Chico Landi
Pitching: RHP Lorenzo López
Batting: RHB Cosmo Bjorkenheim 0-0: Ball
1-0: Swinging Strike
1-1: Called Strike
1-2: Ball
2-2: Fly out, F8 (Flyball, 8RD)
Batting: LHB Octávio Ontiveros 0-0: Foul Ball, location: 2F
0-1: Ball
1-1: Ball
2-1: Ground out 4-3 (Groundball, 4)
Batting: SHB Raúl Rodríguez 0-0: Ball
1-0: Ball
2-0: Fly out, F9 (Flyball, 9LMF)
Top of the 4th over - 0 runs, 0 hits, 0 errors, 0 left on base; Plymouth 3 - Salt Lake City 2
BOTTOM OF THE 4TH
Salt Lake City Buzz batting - Pitching for Plymouth Rocks : RHP Cisco Andr
Batting: RHB Brent Ryan 0-0: Ground out 5-3 (Groundball, 56S)
Batting: LHB Jérôme Masson 0-0: Ball
1-0: Foul Ball, location: 2F
1-1: Fly out, F8 (Flyball, 8LD)
Batting: RHB Scott Ramsey 0-0: Foul Ball, location: 2F
0-1: Foul Ball, location: 2F
0-2: Ball
1-2: SINGLE (Groundball, 34D)
Batting: RHB Ilkka Haapajarvi 0-0: Ball
1-0: Foul Ball, location: 2F
1-1: Called Strike
1-2: Strikes out swinging
Bottom of the 4th over - 0 runs, 1 hit, 0 errors, 1 left on base; Plymouth 3 - Salt Lake City 2
TOP OF THE 5TH
Plymouth Rocks batting - Pitching for Salt Lake City Buzz : RHP Lorenzo López
Batting: LHB José Castillo 0-0: Called Strike
0-1: Swinging Strike
0-2: Strikes out swinging
Batting: LHB Edgardo De Jesús 0-0: Foul Ball, location: 2F
0-1: Ground out 1-3 (Groundball, P)
Batting: RHB Ernesto Trevino 0-0: Called Strike
0-1: Ball
1-1: Foul Ball, location: 2F
1-2: Ball
2-2: SOLO HOME RUN (Flyball, 7LD), Distance : 349 ft
Batting: SHB Javier Vega 0-0: Ball
1-0: Ball
2-0: Ball
3-0: Base on Balls
Batting: LHB Adrian McCoy 0-0: Ball
1-0: Ball
2-0: SINGLE (Line Drive, 78M)
Javier Vega to second
Batting: RHB Chris Costa 0-0: Called Strike
0-1: Ball
1-1: Called Strike
1-2: Foul Ball, location: 2F
1-2: Fly out, F7 (Flyball, 78D)
Top of the 5th over - 1 run, 2 hits, 0 errors, 2 left on base; Plymouth 4 - Salt Lake City 2
BOTTOM OF THE 5TH
Salt Lake City Buzz batting - Pitching for Plymouth Rocks : RHP Cisco Andr
Batting: LHB Roberto Soto 0-0: Called Strike
0-1: Ball
1-1: Ball
2-1: Ground out 3-1 (Groundball, 34S)
Batting: RHB Vicente Cruz 0-0: Ball
1-0: Ball
2-0: Foul Ball, location: 2F
2-1: Foul Ball, location: 2F
2-2: SINGLE (Line Drive, 56)
Batting: RHB Ethan Miller 0-0: Ball
Vicente Cruz steals 2nd base
1-0: Foul Ball, location: 2F
1-1: Foul Ball, location: 2F
1-2: Ground out 5-3 (Groundball, 56)
Batting: LHB Orlando Casillas 0-0: Swinging Strike
0-1: Ball
1-1: Ball
2-1: Called Strike
2-2: Ball
3-2: Strikes out swinging
Bottom of the 5th over - 0 runs, 1 hit, 0 errors, 1 left on base; Plymouth 4 - Salt Lake City 2
TOP OF THE 6TH
Plymouth Rocks batting - Pitching for Salt Lake City Buzz : RHP Lorenzo López
Batting: RHB Cosmo Bjorkenheim 0-0: Called Strike
0-1: Ball
1-1: Called Strike
1-2: Ball
2-2: Strikes out swinging
Batting: LHB Octávio Ontiveros 0-0: Called Strike
0-1: Ball
1-1: Swinging Strike
1-2: SINGLE (Line Drive, 56)
Batting: SHB Raúl Rodríguez 0-0: Swinging Strike
0-1: Ball
1-1: TRIPLE (Line Drive, 89XD)
Octávio Ontiveros scores
Batting: LHB José Castillo 0-0: Intentional Walk
Pitching: RHP Shotaro Sugahara
Batting: LHB Edgardo De Jesús 0-0: Ball
1-0: Foul Ball, location: 2F
1-1: Called Strike
1-2: Ball
José Castillo is caught stealing 2nd base
2-2: Foul Ball, location: 2F
2-2: Strikes out swinging
Top of the 6th over - 1 run, 2 hits, 0 errors, 1 left on base; Plymouth 5 - Salt Lake City 2
BOTTOM OF THE 6TH
Salt Lake City Buzz batting - Pitching for Plymouth Rocks : RHP Cisco Andr
Batting: LHB Alistair Mix 0-0: Ball
1-0: Ball
2-0: Called Strike
2-1: Foul Ball, location: 2F
2-2: Strikes out looking
Batting: RHB Brent Ryan 0-0: Called Strike
0-1: Ball
1-1: Fly out, F8 (Flyball, 8LD)
Batting: LHB Jérôme Masson 0-0: Ground out 5-3 (Groundball, 56)
Bottom of the 6th over - 0 runs, 0 hits, 0 errors, 0 left on base; Plymouth 5 - Salt Lake City 2
TOP OF THE 7TH
Plymouth Rocks batting - Pitching for Salt Lake City Buzz : RHP Shotaro Sugahara
Batting: RHB Ernesto Trevino 0-0: Ball
1-0: Ground out 6-3 (Groundball, 6)
Batting: SHB Javier Vega 0-0: Foul Ball, location: 2F
0-1: Foul Ball, location: 2F
0-2: Strikes out looking
Batting: LHB Adrian McCoy 0-0: Fly out, F7 (Line Drive, 7)
Top of the 7th over - 0 runs, 0 hits, 0 errors, 0 left on base; Plymouth 5 - Salt Lake City 2
BOTTOM OF THE 7TH
Salt Lake City Buzz batting - Pitching for Plymouth Rocks : RHP Cisco Andr
Batting: RHB Scott Ramsey 0-0: Ball
1-0: Ball
2-0: Called Strike
2-1: Ball
3-1: Foul Ball, location: 2F
3-2: Foul Ball, location: 2F
3-2: Strikes out swinging
Batting: RHB Ilkka Haapajarvi 0-0: Ball
1-0: SINGLE (Line Drive, 7LS)
Batting: LHB Roberto Soto 0-0: Foul Ball, location: 2F
0-1: SINGLE (Line Drive, 89M)
Ilkka Haapajarvi to second
Batting: RHB Vicente Cruz 0-0: Ball
1-0: Grounds into double play, 6-4-3 (Groundball, 6)
Bottom of the 7th over - 0 runs, 2 hits, 0 errors, 1 left on base; Plymouth 5 - Salt Lake City 2
TOP OF THE 8TH
Plymouth Rocks batting - Pitching for Salt Lake City Buzz : RHP Shotaro Sugahara
Batting: RHB Chris Costa 0-0: Ball
1-0: Called Strike
1-1: Swinging Strike
1-2: Strikes out looking
Batting: RHB Cosmo Bjorkenheim 0-0: Ball
1-0: Called Strike
1-1: Foul Ball, location: 2F
1-2: Strikes out swinging
Batting: LHB Octávio Ontiveros 0-0: Ball
1-0: Ball
2-0: Ball
3-0: Called Strike
3-1: Base on Balls
Batting: SHB Raúl Rodríguez 0-0: Ball
1-0: Called Strike
1-1: Foul Ball, location: 2F
1-2: Fly out, F9 (Flyball, 9S)
Top of the 8th over - 0 runs, 0 hits, 0 errors, 1 left on base; Plymouth 5 - Salt Lake City 2
BOTTOM OF THE 8TH
Salt Lake City Buzz batting - Pitching for Plymouth Rocks : RHP Cisco Andr
Batting: RHB Ethan Miller 0-0: Ball
1-0: Ball
2-0: Called Strike
2-1: Foul Ball, location: 2F
2-2: Foul Ball, location: 2F
2-2: Ground out U3 (Groundball, 3)
Batting: LHB Orlando Casillas 0-0: Ground out 5-3 (Groundball, 56)
Batting: LHB Alistair Mix 0-0: Fly out, F7 (Flyball, 78M)
Bottom of the 8th over - 0 runs, 0 hits, 0 errors, 0 left on base; Plymouth 5 - Salt Lake City 2
TOP OF THE 9TH
Plymouth Rocks batting - Pitching for Salt Lake City Buzz : RHP Shotaro Sugahara
Pitching: RHP Luis Bejarano
Batting: LHB José Castillo 0-0: Ball
1-0: Ball
2-0: Called Strike
2-1: Ground out 6-3 (Groundball, 6)
Batting: LHB Edgardo De Jesús 0-0: Ball
1-0: Ball
2-0: Called Strike
2-1: Ball
3-1: Foul Ball, location: 2F
3-2: Base on Balls
Batting: RHB Ernesto Trevino 0-0: Called Strike
0-1: Foul Ball, location: 2F
0-2: Ball
1-2: Ball
2-2: Foul Ball, location: 2F
2-2: Foul Ball, location: 2F
2-2: Foul Ball, location: 2F
2-2: SINGLE (Line Drive, 56D)
Edgardo De Jesús to second
Batting: SHB Javier Vega 0-0: Called Strike
0-1: Ball
1-1: Swinging Strike
1-2: Strikes out looking
Batting: LHB Adrian McCoy 0-0: Called Strike
0-1: Foul Ball, location: 2F
0-2: Ball
1-2: Foul Ball, location: 2F
1-2: Ground out U3 (Groundball, 3L)
Top of the 9th over - 0 runs, 1 hit, 0 errors, 2 left on base; Plymouth 5 - Salt Lake City 2
BOTTOM OF THE 9TH
Salt Lake City Buzz batting - Pitching for Plymouth Rocks : RHP Cisco Andr
Pitching: LHP Roberto Aguirre
Batting: RHB Brent Ryan 0-0: Swinging Strike
0-1: Foul Ball, location: 2F
0-2: Ball
1-2: Ball
2-2: Ball
3-2: Foul Ball, location: 2F
3-2: Ground out U3 (Groundball, 34S)
Batting: LHB Jérôme Masson 0-0: Ball
1-0: Foul Ball, location: 2F
1-1: Ball
2-1: Swinging Strike
2-2: Foul Ball, location: 2F
2-2: Fly out, F7 (Flyball, 7LMF)
Batting: RHB Scott Ramsey 0-0: Ball
1-0: Called Strike
1-1: Ball
2-1: Foul Ball, location: 2F
2-2: Foul Ball, location: 2F
2-2: Ball
3-2: Fly out, F9 (Flyball, 9LS)
Bottom of the 9th over - 0 runs, 0 hits, 0 errors, 0 left on base; Plymouth 5 - Salt Lake City 2
Tuesday, June 12th, 2018 - OOTP Baseball 18.8 Build 76